 Dungeon Crawl Stone Soup version 0.18-a0-1197-g8004e50 (webtiles) character file.

6220 st0uf the Covert (level 10, -8/73 HPs)
             Began as a Vampire Assassin on Jan 30, 2016.
             Was a Follower of Makhleb.
             Mangled by a merfolk
             ... wielding a +0 trident
              (20 damage)
             ... on level 10 of the Dungeon.
             The game lasted 01:14:48 (12844 turns).

st0uf the Covert (Vampire Assassin)                Turns: 12844, Time: 01:14:48

Health: -8/73      AC:  9    Str: 19      XL:     10   Next: 61%
Magic:  0/1        EV: 22    Int: 16 (17) God:    Makhleb [*.....]
Gold:   392        SH:  0    Dex: 19      Spells: 1 memorised, 6 levels left

rFire  . . .     SeeInvis +     A - +10 arbalest of Upheaval {flame, rPois MP-9 Str+9}
rCold  + . .     Gourm    .     J - +1 troll leather armour
rNeg   + + .     Faith    .     (shield currently unavailable)
rPois  +         Spirit   +     r - +1 helmet {Int+3}
rElec  .         Dismiss  .     d - +0 cloak
rCorr  +         Reflect  .     m - +0 pair of gloves
SustAt .         Harm     .     (no boots)
MR     +....                    p - amulet of guardian spirit
Stlth  +++++++...               y - +2 ring of evasion
                                t - ring of resist corrosion

@: regenerating slowly, somewhat resistant to hostile enchantments, extremely
stealthy
A: fangs 3, see invisible, unbreathing
a: Bat Form, Renounce Religion


You were on level 10 of the Dungeon.
You worshipped Makhleb.
Makhleb was aware of your devotion.
You were very thirsty.

You visited 2 branches of the dungeon, and saw 11 of its levels.
You also visited: Ossuary.

You collected 861 gold pieces.
You spent 469 gold pieces at shops.

Inventory:

Hand Weapons
 a - a +2 dagger
 b - a +0 blowgun
 s - a +0 dagger
 A - the +10 arbalest of Upheaval (weapon) {flame, rPois MP-9 Str+9}
   (You found it on level 6 of the Dungeon)

   It causes projectiles fired from it to burn those they strike, causing extra
   injury to most foes and up to half again as much damage against particularly
   susceptible opponents.
   It affects your strength (+9).
   It protects you from poison.
   It affects your magic capacity (-9).
Missiles
 c - a throwing net
 e - 54 poisoned needles
 f - 5 curare-tipped needles
 w - 12 tomahawks
 B - 16 bolts (quivered)
 S - 6 poisoned tomahawks
Armour
 d - a +0 cloak (worn)
 m - a +0 pair of gloves (worn)
 r - a +1 helmet of intelligence (worn)
 J - a +1 troll leather armour (worn)
Jewellery
 p - an amulet of guardian spirit (around neck)
 q - an uncursed ring of fire
 t - a ring of resist corrosion (left hand)
 y - a +2 ring of evasion (right hand)
 P - an uncursed ring of poison resistance {unknown}
Wands
 D - a wand of slowing (0/48)
 E - a wand of confusion (19/48)
 F - a wand of digging (23/24)
 N - a wand of draining (6/15)
 T - a wand of flame (40/48)
Scrolls
 h - 9 scrolls of identify
 i - a scroll of noise
 o - 2 scrolls of blinking
 u - 6 scrolls of teleportation
 C - a scroll of fog {unknown}
 G - 3 scrolls of fear
 I - 3 scrolls of remove curse {unknown}
 K - 2 scrolls of magic mapping
 O - 2 scrolls of amnesia {unknown}
 Q - 3 scrolls of random uselessness {unknown}
 U - a scroll of immolation {unknown}
Potions
 g - 14 potions of blood
 j - a potion of agility {unknown}
 k - 2 potions of heal wounds {unknown}
 l - 3 potions of might {unknown}
 n - a potion of flight {unknown}
 v - 3 potions of curing {unknown}
 x - 2 potions of brilliance {unknown}
 z - a potion of haste {unknown}
 H - 2 potions of mutation {unknown}
 M - a potion of ambrosia {unknown}
 V - a potion of invisibility {unknown}
Books
 L - a book of Hinderance

   Spells                             Type                      Level
   a - Confusing Touch                Hexes                        2
   b - Confuse                        Hexes                        3
   c - Gell's Gravitas                Hexes/Translocation          3
   d - Petrify                        Transmutation/Earth          4
   e - Metabolic Englaciation         Hexes/Ice                    5
   f - Yara's Violent Unravelling     Hexes/Transmutation          5
Miscellaneous
 R - a plain deck of summoning


   Skills:
 + Level 4.4 Fighting
 + Level 5.4 Short Blades
 + Level 0.1 Crossbows
 + Level 5.2 Throwing
 + Level 2.3 Armour
 + Level 9.9 Dodging
 + Level 13.6 Stealth
 * Level 5.9 Hexes
 + Level 1.0 Invocations


You had 6 spell levels left.
You knew the following spells:

 Your Spells              Type           Power        Failure   Level  Hunger
a - Confuse               Hex            ###.....     12%         3    ####...


Dungeon Overview and Level Annotations

Branches:
Dungeon (10/15)            Temple (1/1) D:6             Orc (0/2) D:10
   Lair: D:8-11

Altars:
Ashenzari
Cheibriados
Dithmenos
Elyvilon
Fedhas
Gozag
Kikubaaqudgha
Makhleb
Nemelex Xobeh
Okawaru
Pakellas
Qazlal
Ru
Sif Muna
Trog
Vehumet
Xom
Yredelemnul
Zin
The Shining One

Shops:
D:7 [(*%   D:9 ?


Innate Abilities, Weirdness & Mutations

You heal slowly.
You have razor-sharp teeth.
You have supernaturally acute eyesight.
You can survive without breathing.


Message History

You hit the merfolk.
The merfolk is moderately wounded.
You hit the merfolk.
The merfolk is heavily wounded.
The merfolk hits you with a trident.
You hit the merfolk but do no damage.
The merfolk is heavily wounded.
The merfolk hits you with a trident!
* * * LOW HITPOINT WARNING * * *
Wield which item (- for none, * to show all)? (? for menu, Esc to quit)
It bursts into flame!
A - the +10 arbalest of Upheaval (weapon)
{flame, rPois MP-9 Str+9} Firing (i - inventory. (,) - cycle):
B - 17 bolts (quivered)
Press: ? - help, Shift-Dir - straight line, f/p - merfolk
Aim: a merfolk, wielding a trident (heavily wounded, poisoned)
You shoot a bolt.
The bolt hits the merfolk but does no damage.
The merfolk is heavily wounded.
The merfolk misses you. The merfolk hits you with a trident!!
You die...

......≈♣
≈≈≈≈≈....≈≈....≈♣≈.≈≈
.≈≈....♣
≈≈≈≈≈≈≈.≈.≈≈.≈≈≈≈≈♣≈≈
..≈≈≈≈≈.
≈≈≈≈≈≈♣......≈.≈.♣...
.≈≈≈≈≈≈≈
#####≈≈..≈≈≈......♣≈
##≈≈≈##..≈≈≈≈≈..≈≈♣≈≈.
##≈≈≈≈≈##.≈≈......≈≈≈..
#≈...$≈≈#≈...♣.≈≈.≈≈♣.#
+≈.(.$.≈'.≈≈≈≈≈≈..♣♣..#
#(≈.$m@≈#.≈≈≈≈≈≈.≈≈≈###
##≈≈≈≈≈##♣.≈≈.....≈≈
##≈≈≈## ############
####


You could see a merfolk.

Vanquished Creatures
  Joseph (D:7)
  A troll (D:9)
  Grinder (D:5)
  Sigmund (D:3)
  A wyvern (D:10)
  2 yaks
  2 hippogriffs (D:10)
  3 black bears
  2 orc warriors (D:10)
  An eye of draining (D:10)
  A sky beast (D:6)
  An ice beast (D:10)
  5 ogres
  A necrophage (D:10)
  2 phantoms
  4 centaurs
  A crocodile (D:9)
  3 big kobolds
  10 giant frogs
  3 scorpions
  A water moccasin skeleton (D:7)
  6 electric eels (D:10)
  5 crimson imps
  5 hounds
  2 quasits
  2 jellies (D:6)
  3 orc priests
  Crazy Yiuf (D:3)
  4 giant frog skeletons
  3 iguanas
  Jessica (D:3)
  An orc wizard (D:6)
  7 worker ants
  8 sheep
  A big kobold zombie (Ossuary)
  A hound skeleton (D:7)
  2 mummies (Ossuary)
  Robin (D:3)
  8 gnolls (D:4)
  13 adders
  2 shadow imps
  2 oozes
  2 worms
  A giant gecko (D:5)
  16 orcs
  6 giant cockroaches
  8 goblins
  9 hobgoblins
  11 jackals
  21 kobolds
  3 quokkas
  A ball python skeleton (D:3)
  4 bats
  A giant gecko skeleton (D:5)
  6 giant newts
  6 gnoll zombies (Ossuary)
  A goblin zombie (Ossuary)
  2 hobgoblin zombies (Ossuary)
  A jackal zombie (D:7)
  4 orc zombies (Ossuary)
  3 quokka skeletons
  A quokka zombie (D:5)
  15 rats
  A rat zombie (D:5)
  A plant (D:10)
249 creatures vanquished.

Vanquished Creatures (others)
  A bush (D:10)
  28 plants (D:10)
29 creatures vanquished.

Grand Total: 278 creatures vanquished

Notes
Turn   | Place    | Note
--------------------------------------------------------------
     0 | D:1      | st0uf the Vampire Assassin began the quest for the Orb.
     0 | D:1      | Reached XP level 1. HP: 16/16 MP: 1/1
    13 | D:1      | Reached skill level 6 in Stealth
   394 | D:1      | Reached XP level 2. HP: 22/22 MP: 2/2
   863 | D:2      | Reached skill level 7 in Stealth
   863 | D:2      | Reached XP level 3. HP: 25/27 MP: 3/3
  1966 | D:2      | Reached XP level 4. HP: 28/33 MP: 1/4
  2313 | D:3      | Reached skill level 8 in Stealth
  3287 | D:3      | Noticed Jessica
  3292 | D:3      | Killed Jessica
  3292 | D:3      | Reached XP level 5. HP: 38/38 MP: 5/5
  3317 | D:3      | Found a faded altar to an unknown god.
  3328 | D:3      | Became a worshipper of Sif Muna the Loreminder
  3328 | D:3      | Reached * piety under Sif Muna
  3397 | D:3      | Noticed Robin
  3445 | D:3      | Killed Robin
  3676 | D:3      | Noticed Sigmund
  4790 | D:4      | Reached skill level 9 in Stealth
  5325 | D:3      | Killed Sigmund
  5325 | D:3      | Reached XP level 6. HP: 27/46 MP: 4/6
  5402 | D:3      | Noticed Crazy Yiuf
  5408 | D:3      | Killed Crazy Yiuf
  5540 | D:4      | Found a white marble altar of Elyvilon.
  5857 | D:4      | Reached XP level 7. HP: 51/51 MP: 7/7
  6171 | D:5      | Entered Level 5 of the Dungeon
  6264 | D:5      | Found a blossoming altar of Fedhas.
  6266 | D:5      | Found an ancient bone altar of Kikubaaqudgha.
  6358 | D:5      | Noticed Grinder
  6384 | D:5      | Found a sand-covered staircase.
  6407 | Ossuary  | Entered an ossuary
  6661 | Ossuary  | Reached skill level 10 in Stealth
  6952 | D:6      | Reached skill level 5 in Dodging
  7003 | D:6      | Reached skill level 11 in Stealth
  7003 | D:6      | Reached XP level 8. HP: 40/58 MP: 8/8
  7069 | D:6      | Got a dazzling arbalest
  7079 | D:6      | Identified the +10 arbalest of Upheaval {flame, rPois MP-9 Str+9} (You found it on level 6 of the Dungeon)
  7460 | D:5      | Found an oddly glowing altar of Pakellas.
  7650 | D:5      | Killed Grinder
  7915 | D:6      | Found an opulent altar of Gozag.
  8000 | D:6      | Found a shimmering altar of Xom.
  8004 | D:6      | Found a staircase to the Ecumenical Temple.
  8011 | Temple   | Entered the Ecumenical Temple
  8311 | D:6      | Reached skill level 12 in Stealth
  8311 | D:6      | Reached XP level 9. HP: 49/65 MP: 6/9
  8908 | D:7      | Noticed Joseph
  8951 | D:7      | Killed Joseph
  9007 | D:7      | Found a glowing silver altar of Zin.
  9008 | D:7      | Noticed an angel
  9019 | D:7      | Reached skill level 1 in Invocations
  9028 | D:7      | Found Viogo's Armour Shop.
  9095 | D:7      | Found Janwamor's Antique Weapon Emporium.
  9432 | D:7      | Found Hykkefer's General Store.
  9439 | D:7      | Bought a scroll of magic mapping for 38 gold pieces
  9439 | D:7      | Bought a scroll of identify for 22 gold pieces
  9439 | D:7      | Bought a book of Hinderance for 220 gold pieces
  9443 | D:7      | Learned a level 3 spell: Confuse
  9525 | D:7      | Found a glowing golden altar of the Shining One.
  9572 | D:7      | Found Suade's Food Emporium.
  9625 | D:7      | Found a radiant altar of Vehumet.
  9669 | D:7      | Reached skill level 1 in Hexes
 10181 | D:8      | Reached skill level 13 in Stealth
 10628 | D:9      | Reached skill level 1 in Armour
 10661 | D:9      | Found a burning altar of Makhleb.
 10697 | D:9      | Fell from the grace of Sif Muna
 10697 | D:9      | Became a worshipper of Makhleb the Destroyer
 10727 | D:9      | Noticed a troll
 10736 | D:9      | Killed a troll
 10736 | D:9      | Reached XP level 10. HP: 71/71 MP: 10/10
 10793 | D:9      | Found Mosiara's Magic Scroll Shop.
 10809 | D:9      | Bought a scroll of teleportation for 42 gold pieces
 10809 | D:9      | Bought a scroll of fear for 49 gold pieces
 10809 | D:9      | Bought a scroll of identify for 28 gold pieces
 10809 | D:9      | Bought a scroll of identify for 28 gold pieces
 10809 | D:9      | Bought a scroll of teleportation for 42 gold pieces
 11187 | D:9      | Found a sparkling altar of Nemelex Xobeh.
 11304 | D:10     | Entered Level 10 of the Dungeon
 11341 | D:10     | Found a staircase to the Orcish Mines.
 11929 | D:9      | Reached * piety under Makhleb
 12037 | D:9      | Reached skill level 5 in Throwing
 12173 | D:10     | Reached skill level 5 in Short Blades
 12173 | D:10     | Reached skill level 5 in Hexes
 12844 | D:10     | Mangled by a merfolk

Vault maps used:
D:1:      dpeg_arrival_ratfight
D:2:      kennysheep_cross_bottleneck
D:3:      ecumenical_altar_1, minmay_misc_feat_five, kennysheep_generic_room_6,
          uniq_jessica, uniq_sigmund, uniq_robin, uniq_crazy_yiuf_cottage
D:4:      elyvilon_altar_4, first_bread
D:5:      grunt_temple_overflow_growth_and_decay,
          johnstein_pakellas_death_squad, enter_ossuary_4, uniq_grinder
D:6:      marbit_many_paths, kennysheep_mini, temple_green
D:7:      nicolae_overflow_hidden_temple, zin_angel,
          nicolae_tso_swordbearing_angel, serial_shops, shop, shop,
          nicolae_shop_stone, kennysheep_little_box, grunt_ogre_cave,
          minmay_misc_feat_diagonals, uniq_joseph
D:9:      lemuel_round_altar, nemelex_deck, serial_shops, shop_scrolls
D:10:     kennysheep_town
Temple:   nicolae_temple_no_exploring_needed
Ossuary:  minmay_ossuary_gauntlet

Action                   |  1- 3 |  4- 6 |  7- 9 | 10-12 || total
-------------------------+-------+-------+-------+-------++-------
Melee: Dagger            |   119 |   182 |   564 |   365 ||  1230
 Fire: Blowgun           |     3 |    21 |    76 |    96 ||   196
       Arbalest          |       |       |     2 |     2 ||     4
Throw: Tomahawk          |       |       |     6 |       ||     6
Invok: Channel Energy    |       |       |     3 |       ||     3
  Use: Potion            |       |     7 |     8 |     3 ||    18
       Scroll            |       |       |     6 |       ||     6
 Stab: Sleeping          |    15 |    15 |    39 |    10 ||    79
       Distracted        |       |       |     3 |     3 ||     6
